 Dungeon Crawl Stone Soup version 0.23.2-40-g277498a (webtiles) character file.

Game seed: 8622565736841244384

7123 BoppinsLewinski the Carver (level 10, -4/84 HPs)
             Began as a Centaur Gladiator on Sept 3, 2019.
             Was a Follower of Cheibriados.
             Slain by a vampire (5 damage)
             ... on level 11 of the Dungeon.
             The game lasted 00:42:50 (14131 turns).

BoppinsLewinski the Carver (Centaur Gladiator)     Turns: 14131, Time: 00:42:51

Health: -4/84      AC: 11    Str: 22      XL:     10   Next: 85%
Magic:  10/14      EV:  8    Int: 18      God:    Cheibriados [*.....]
Gold:   482        SH:  0    Dex: 13 (15) Spells: 9/9 levels left

rFire    . . .     SeeInvis .   a - +0 long sword
rCold    . . .     Gourm    .   (no shield)
rNeg     + . .     Faith    .   h - +0 chain mail
rPois    .         Spirit   .   l - +0 helmet {Int+3}
rElec    .         Reflect  .   (no cloak)
rCorr    .         Harm     .   d - +0 pair of gloves
MR       .....                  (no barding)
Stlth    ..........             (no amulet)
HPRegen  0.24/turn              p - ring of positive energy
MPRegen  0.14/turn              (no ring)

@: brilliant, slow
A: large, hooves 3, deformed body, speed 2, tough skin 3
a: Bend Time, Renounce Religion


You were on level 11 of the Dungeon.
You worshipped Cheibriados.
Cheibriados was aware of your devotion.
You were not hungry.

You visited 2 branches of the dungeon, and saw 12 of its levels.
You also visited: Ossuary.

You collected 482 gold pieces.

Inventory:

Hand Weapons
 a - a +0 long sword (weapon)
 c - a +2 dagger of flaming
 y - the +4 battleaxe "Boniul Iwey" {freeze, +Blink rF+ MR++ Dex-3, unknown}
   (You found it on level 10 of the Dungeon)

   It has been specially enchanted to freeze those struck by it, causing extra
   injury to most foes and up to half again as much damage against particularly
   susceptible opponents.
   It can also slow down cold-blooded creatures.
   It affects your dexterity (-3).
   It protects you from fire.
   It affects your resistance to hostile enchantments.
   It lets you blink.
Missiles
 q - a throwing net (quivered)
Armour
 d - a +0 pair of gloves (worn)
 h - a +0 chain mail (worn)
 l - a +0 helmet of intelligence (worn)
Jewellery
 k - an uncursed amulet of harm {unknown}
 p - a ring of positive energy (left hand)
Wands
 i - a wand of iceblast (2)
 j - a wand of flame (6)
 n - a wand of paralysis (6)
 w - a wand of clouds (1)
Scrolls
 b - a scroll of enchant weapon
 e - 4 scrolls of teleportation
 g - 10 scrolls of remove curse
 m - a scroll of magic mapping
 r - a scroll of amnesia
 t - 2 scrolls of enchant armour
 u - a scroll of immolation
 x - a scroll of fear
Potions
 o - a potion of brilliance
Comestibles
 f - 12 rations


   Skills:
 + Level 6.9 Fighting
 * Level 9.2 Long Blades
 - Level 5.2 Throwing
 + Level 4.9 Armour
 + Level 5.6 Dodging
 + Level 6.0 Invocations
 + Level 2.1 Evocations


You had 9 spell levels left.
You didn't know any spells.
Your spell library contained the following spells:

 Spells                   Type           Power        Failure   Level  Hunger
 Confusing Touch          Hex            ##....       17%         1    ##.....
 Magic Dart               Conj           ##..         17%         1    ##.....
 Blink                    Tloc           N/A          26%         2    ###....
 Call Imp                 Summ           ##......     26%         2    ###....
 Slow                     Hex            ##......     26%         2    ###....
 Confuse                  Hex            ##......     43%         3    ####...
 Conjure Flame            Conj/Fire      ##......     43%         3    ####...
 Gell's Gravitas          Tloc           ##........   43%         3    ####...
 Mephitic Cloud           Conj/Pois/Air  ##......     43%         3    ####...
 Petrify                  Tmut/Erth      ##......     78%         4    #####..
 Metabolic Englaciation   Hex/Ice        ##........   97%         5    ######.
 Yara's Violent Unravell  Hex/Tmut       ##........   97%         5    ######.


Dungeon Overview and Level Annotations

Branches:
Dungeon (11/15)            Temple (1/1) D:7            Lair (0/6) D:9
    Orc: D:9-12

Altars:
Ashenzari
Cheibriados
Dithmenos
Elyvilon
Fedhas
Gozag
Hepliaklqana
Kikubaaqudgha
Makhleb
Nemelex Xobeh
Okawaru
Qazlal
Ru
Sif Muna
Trog
Uskayaw
Vehumet
Wu Jian
Xom
Yredelemnul
Zin
The Shining One

Shops:
D:10 :

Annotations:
D:7 exclusion: downstairs


Innate Abilities, Weirdness & Mutations

You have hooves in place of feet.
Armour fits poorly on your strangely shaped body.
You cover ground very quickly.
You have extremely tough skin. (AC +3)


Message History

Reactivating autopickup.
The vampire hits you.
* * * LOW HITPOINT WARNING * * *
The vampire bites you!
* * * LOW HITPOINT WARNING * * *
The vampire draws strength from your injuries!
Okay, then.
The flow of time bends around you.
Cheibriados rebukes the vampire.
The vampire seems to slow down.
You feel slightly more hungry. The vampire hits you.
* * * LOW HITPOINT WARNING * * *
The vampire bites you but does no damage.
You hit the vampire but do no damage.
The vampire is heavily damaged.
You slash the vampire! Your kick misses the vampire.
The vampire is severely damaged.
The vampire hits you but does no damage.
The vampire bites you.
You die...

#.###.#...
#.....#..
#....###
#....#.#.#
#...#.⌠.#
##<..#.#.#
#.#.##.#
#..$###.8
#...@# #.#
##..#V#
#.#
#.#.♣.#
#.8
#%.#.#.#
#. ##.
###.# ⌠.#
##


You could see a vampire.

Vanquished Creatures
  A two-headed ogre (D:8)
  A centaur skeleton (D:9)
  A troll (D:9)
  4 hippogriffs
  Sigmund (D:5)
  A wyvern (D:7)
  2 hungry ghosts
  A steam dragon (D:10)
  Menkaure (D:5)
  A sky beast (D:7)
  An ice beast (D:6)
  An orc warrior (D:10)
  2 phantoms (D:9)
  4 ogres
  3 centaurs
  A big kobold (D:8)
  Blork the orc (D:5)
  6 bullfrogs
  A water moccasin zombie (Ossuary)
  2 scorpions (D:7)
  A howler monkey (D:8)
  9 wights
  An electric eel (D:7)
  3 crimson imps
  A bullfrog zombie (Ossuary)
  A quasit (D:10)
  3 centaur zombies
  6 orc priests
  3 jellies
  3 bullfrog skeletons
  2 hounds
  Jessica (D:3)
  6 iguanas
  6 orc wizards
  16 worker ants
  3 killer bee zombies
  4 hound zombies
  A hound skeleton (D:7)
  10 mummies (Ossuary)
  3 worker ant zombies
  4 gnolls
  A howler monkey skeleton (D:7)
  10 adders
  2 shadow imps
  An ooze (D:2)
  3 adder skeletons
  5 adder zombies
  3 worms
  2 dart slugs
  4 leopard geckos
  30 orcs
  8 bats
  6 giant cockroaches
  5 goblins
  7 hobgoblins
  9 jackals
  6 quokkas
  4 ball pythons
  6 frilled lizards
  3 jackal skeletons
  9 kobolds
  A quokka skeleton (D:5)
  A quokka zombie (Ossuary)
  6 rats
255 creatures vanquished.

Vanquished Creatures (others)
  A withered plant (Ossuary)
1 creature vanquished.

Grand Total: 256 creatures vanquished

Notes
Turn   | Place    | Note
-------+----------+-------------------------------------------
     0 | D:1      | BoppinsLewinski the Centaur Gladiator began the quest for
                  | the Orb.
     0 | D:1      | Reached XP level 1. HP: 17/17 MP: 1/1
    31 | D:1      | Reached XP level 2. HP: 24/24 MP: 2/2
   172 | D:1      | Reached skill level 3 in Long Blades
   217 | D:1      | Reached XP level 3. HP: 26/29 MP: 3/3
   831 | D:2      | Found a bloodstained altar of Trog.
   865 | D:2      | Reached skill level 1 in Armour
   865 | D:2      | Reached XP level 4. HP: 29/37 MP: 4/4
  1858 | D:3      | Found a basalt altar of Yredelemnul.
  1901 | D:3      | Reached XP level 5. HP: 35/42 MP: 5/5
  2365 | D:3      | Noticed a moth of wrath
  2367 | D:3      | Noticed Jessica
  2386 | D:3      | Killed Jessica
  2711 | D:3      | Found a white marble altar of Elyvilon.
  2911 | D:3      | Found a bloodstained altar of Trog.
  3154 | D:3      | Reached skill level 4 in Long Blades
  3251 | D:4      | Reached XP level 6. HP: 42/51 MP: 6/6
  3505 | D:4      | Found a blossoming altar of Fedhas.
  3732 | D:5      | Entered Level 5 of the Dungeon
  4452 | D:5      | Noticed Menkaure
  4456 | D:5      | Killed Menkaure
  4456 | D:5      | Reached XP level 7. HP: 54/57 MP: 7/7
  4743 | D:5      | Reached skill level 5 in Long Blades
  6041 | D:5      | Found a hide-covered altar of Uskayaw.
  6048 | D:5      | Noticed Sigmund
  6052 | D:5      | Killed Sigmund
  6052 | D:5      | Reached XP level 8. HP: 53/66 MP: 8/8
  6083 | D:5      | Noticed Blork the orc
  6095 | D:5      | Killed Blork the orc
  6635 | D:6      | Found a sand-covered staircase.
  6642 | Ossuary  | Entered an ossuary
  6709 | Ossuary  | Reached skill level 6 in Long Blades
  6777 | Ossuary  | Reached skill level 5 in Throwing
  7009 | Ossuary  | HP: 2/67 [wyvern zombie (8)]
  7627 | D:6      | Found a deep blue altar of Sif Muna.
  7668 | D:6      | Found a shattered altar of Ashenzari.
  8235 | D:6      | Found an opulent altar of Gozag.
  8659 | D:7      | Found a radiant altar of Vehumet.
  8762 | D:6      | Reached skill level 5 in Fighting
  9022 | D:7      | Reached XP level 9. HP: 60/74 MP: 9/9
  9040 | D:7      | Reached skill level 7 in Long Blades
  9353 | D:7      | Found a staircase to the Ecumenical Temple.
  9363 | Temple   | Entered the Ecumenical Temple
  9593 | Temple   | Became a worshipper of Cheibriados the Contemplative
 10160 | D:7      | Reached skill level 1 in Invocations
 10853 | D:7      | Reached skill level 8 in Long Blades
 11028 | D:8      | Found a shadowy altar of Dithmenos.
 11041 | D:8      | Noticed a two-headed ogre
 11416 | D:8      | Killed a two-headed ogre
 11416 | D:8      | Reached skill level 5 in Dodging
 11416 | D:8      | Reached XP level 10. HP: 49/83 MP: 12/12
 12039 | D:8      | Found a burning altar of Makhleb.
 12379 | D:9      | Found a staircase to the Lair.
 12384 | D:9      | Reached skill level 5 in Invocations
 12384 | D:9      | Reached skill level 1 in Evocations
 12850 | D:10     | Entered Level 10 of the Dungeon
 12863 | D:10     | Reached * piety under Cheibriados
 12984 | D:10     | Reached skill level 9 in Long Blades
 13549 | D:10     | Found Kufav's Book Boutique.
 13848 | D:10     | Got a pitted battleaxe
 13928 | D:10     | Found a bloodstained altar of Trog.
 13981 | D:10     | Reached ** piety under Cheibriados
 14129 | D:11     | HP: 1/84 [vampire (5)]
 14131 | D:11     | Slain by a vampire

Skill      XL: |  1  2  3  4  5  6  7  8  9 10 |
---------------+-------------------------------+-----
Long Blades    | 3 4 5 6 8 9 |  9.2
Armour         | 1 2 3 4 |  4.9
Throwing       | 3 4 5 |  5.2
Fighting       | 3 4 5 6 |  6.9
Dodging        | 3 4 5 |  5.6
Invocations    | 3 6 |  6.0
Evocations     | 2 |  2.1

Action                   |  1- 3 |  4- 6 |  7- 9 | 10-12 || total
-------------------------+-------+-------+-------+-------++-------
Melee: Long sword        |    91 |   194 |   388 |   312 ||   985
       Kick              |    24 |    50 |   145 |   115 ||   334
Throw: Throwing net      |       |     1 |     4 |       ||     5
Invok: Bend Time         |       |       |     2 |     4 ||     6
Evoke: Wand              |       |       |     8 |    10 ||    18
  Use: Potion            |       |     5 |     3 |     5 ||    13
       Scroll            |       |       |    12 |     2 ||    14
 Stab: Paralysed         |       |       |       |    12 ||    12
  Eat: Chunk             |       |     7 |     3 |    12 ||    22
       Ration            |       |     1 |     6 |     1 ||     8
Armor: Leather armour    |     6 |       |       |       ||     6
       Chain mail        |    58 |   131 |   216 |   175 ||   580
Dodge: Dodged            |    34 |    57 |   138 |   103 ||   332
       Rpst.: Long sword |     9 |    18 |    51 |    29 ||   107
